 Dungeon Crawl Stone Soup version 0.26.0-16-gc1dbca0489 (webtiles) character file.

Game seed: 3032455219068655928

3305 trckry the Grappler (level 9, 0/64 HPs)
             Began as a Green Draconian Transmuter on Jan 17, 2021.
             Slain by a wyvern (5 damage)
             ... on level 7 of the Dungeon on Jan 18, 2021.
             The game lasted 00:27:39 (11509 turns).

trckry the Grappler (Green Draconian Transmuter)   Turns: 11509, Time: 00:27:39

Health: 0/64       AC:  9    Str: 12    XL:     9   Next: 70%
Magic:  12/12      EV: 15    Int: 18    God:
Gold:   333        SH:  0    Dex:  6    Spells: 9/12 levels left

rFire    . . .     SeeInvis +     - Unarmed
rCold    . . .     Faith    .   (no shield)
rNeg     . . .     Spirit   .   (armour unavailable)
rPois    +         Reflect  .   (helmet currently unavailable)
rElec    .         Harm     .   C - +0 cloak
rCorr    .         Rampage  .   m - +0 pair of gloves
Will     +....                  (boots currently unavailable)
Stlth    ++........             B - amulet of inaccuracy (curse)
HPRegen  0.20/turn              p - ring "Mepyu" {Will+ Dex-5 SInv Stlth+}
MPRegen  0.13/turn              z - +4 ring of evasion

@: short of breath, appendages, marked
A: breathe noxious fumes, unfitting armour, horns 2, talons 2, poison
resistance, cold-blooded, AC +7
a: Breathe Noxious Fumes, End Transformation


You were on level 7 of the Dungeon.
You had grown temporary horns.
You had grown temporary talons.
You visited 2 branches of the dungeon, and saw 9 of its levels.

You collected 333 gold pieces.

Inventory:

Missiles
 r - 10 poisoned darts (quivered)
Armour
 m - a +0 pair of gloves (worn)
 C - a +0 cloak (worn)
Jewellery
 o - an uncursed ring of ice
 p - the ring "Mepyu" (left hand) {Will+ Dex-5 SInv Stlth+}
   (You found it on level 4 of the Dungeon)

   [ring of stealth]

   It affects your dexterity (-5).
   It affects your willpower, your defense against some magical effects.
   It lets you see invisible.
   It makes you more stealthy.
 z - a +4 ring of evasion (right hand)
 B - a cursed amulet of inaccuracy (around neck)
Wands
 h - a wand of acid (14)
 D - a wand of flame (9)
Scrolls
 a - 5 scrolls of amnesia {unknown}
 b - 5 scrolls of teleportation {unknown}
 d - 6 scrolls of remove curse {unknown}
 g - 5 scrolls of identify {unknown}
 q - 3 scrolls of enchant armour {unknown}
 s - 2 scrolls of fear {unknown}
 u - a scroll of random uselessness {unknown}
 y - a scroll of fog {unknown}
Potions
 c - a potion of magic {unknown}
 e - 2 potions of invisibility
 f - a potion of brilliance {unknown}
 i - 3 potions of haste
 j - 3 potions of flight {unknown}
 k - a potion of cancellation {unknown}
 l - 2 potions of degeneration {unknown}
 n - 2 potions of mutation {unknown}
 t - a potion of heal wounds {unknown}
 v - a potion of lignification {unknown}
 w - a potion of might {unknown}
 x - a potion of berserk rage {unknown}
 A - a potion of curing {unknown}


   Skills:
 - Level 1.1 Fighting
 - Level 1.7 Dodging
 * Level 9.7 Unarmed Combat
 - Level 2.0 Spellcasting
 * Level 9.4 Transmutations
 + Level 4.5 Evocations


You had 9 spell levels left.
You knew the following spells:

 Your Spells              Type           Power        Failure   Level
a - Beastly Appendage     Tmut           70%          1%          1
b - Wereblood             Tmut           35%          1%          2

Your spell library contained the following spells:

 Spells                   Type           Power        Failure   Level
 Spider Form              Tmut/Pois      9%           8%          3
 Blade Hands              Tmut           17%          11%         5
 Shock                    Conj/Air       4%           19%         1
 Swiftness                Air            1%           26%         2
 Ice Form                 Ice/Tmut       18%          26%         4
 Petrify                  Tmut/Erth      18%          26%         4
 Confusing Touch          Hex            1%           47%         3
 Gell's Gravitas          Tloc           0%           47%         3
 Static Discharge         Conj/Air       1%           47%         3
 Yara's Violent Unravell  Hex/Tmut       9%           58%         5
 Airstrike                Air            0%           87%         4
 Lightning Bolt           Conj/Air       0%           99%         5
 Metabolic Englaciation   Hex/Ice        0%           99%         5


Dungeon Overview and Level Annotations

Branches:
Dungeon (8/15)             Temple (1/1) D:4
   Lair: D:8-11

Altars:
Ashenzari
Cheibriados
Dithmenos
Elyvilon
Gozag
Hepliaklqana
Kikubaaqudgha
Makhleb
Okawaru
Qazlal
Ru
Sif Muna
Trog
Xom
Yredelemnul
Zin
The Shining One

Annotations:
D:5 2 transporters, felt's ghost, amateur MiMo
D:7 exclusion: 6 doors


Innate Abilities, Weirdness & Mutations

You can breathe blasts of noxious fumes.
Your lurid green scales are hard. (AC +7)
You cannot fit into any form of body armour.
Your system is resistant to poisons. (rPois)
You are cold-blooded and may be slowed by cold attacks.
You have a pair of horns on your head.
You have razor-sharp toenails.


Message History

There is a stone staircase leading down here.
You can't do that yet.
You barely miss the wyvern. You headbutt the wyvern.
Your tail-slap misses the wyvern.
The wyvern is lightly wounded.
The wyvern barely misses you.
You closely miss the wyvern.
The wyvern is lightly wounded.
The wyvern completely misses you.
You closely miss the wyvern. Your kick misses the wyvern.
Your tail-slap misses the wyvern.
The wyvern is lightly wounded.
The wyvern bites you!!
* * * LOW HITPOINT WARNING * * *
Evoke which item? (* to show all) (? for menu, Esc to quit)
Aiming: Corrosive Bolt
Press: ? - help, Shift-Dir - straight line, f - wyvern
Aim: a wyvern (lightly wounded, 47% to evade)
The bolt of acid misses the wyvern.
The wyvern bites you.
You die...

....#.......................#
....###.......####..........#
.....#....##..###...........#
..................#.........#
######.....#..#######.#######
# #....##....# #..# #
#....#..##.# ####
#....#.###.#####_######
#......##..@l..#'#....#
#.....###.............# ###
##.....###........#....# ..#
#.......##........#....#
#.###....>..##.............#
#...........##........#....#
#####.......###########....#
######### #....# ######


You could see a wyvern.

Vanquished Creatures
  Grinder (D:5)
  Menkaure (D:5)
  Duvessa (D:5)
  An orc warrior (D:6)
  2 ice beasts
  2 sky beasts
  2 phantoms
  A wolf (D:8)
  An ogre (D:7)
  2 centaurs
  3 bullfrogs
  Dowan (D:5)
  3 scorpions
  6 killer bees (D:7)
  5 wights (D:7)
  A centaur zombie (D:7)
  A quasit (D:7)
  Crazy Yiuf (D:7)
  3 orc priests
  6 hounds
  5 orc wizards
  3 worker ants
  Natasha (thrice) (D:3)
  Robin (D:3)
  3 gnolls (D:5)
  A howler monkey skeleton (D:5)
  8 adders
  2 shadow imps
  4 white imps
  4 oozes
  An adder skeleton (D:2)
  2 worms (D:2)
  2 dart slugs
  8 leopard geckos
  24 orcs
  A ball python (D:1)
  10 bats
  8 giant cockroaches
  9 hobgoblins
  8 jackals
  3 quokkas
  4 frilled lizards
  16 goblins
  A jackal skeleton (D:6)
  14 kobolds
  9 rats
198 creatures vanquished.

Vanquished Creatures (collateral kills)
  Prince Ribbit (D:7)
1 creature vanquished.

Vanquished Creatures (others)
  A killer bee (D:7)
  A fungus (D:8)
  20 plants
22 creatures vanquished.

Grand Total: 221 creatures vanquished

Notes
Turn   | Place    | Note
-------+----------+-------------------------------------------
     0 | D:1      | trckry the Draconian Transmuter began the quest for the
                  | Orb.
     0 | D:1      | Reached XP level 1. HP: 16/16 MP: 3/3
   439 | D:1      | Reached XP level 2. HP: 17/23 MP: 3/5
   444 | D:1      | Learned a level 2 spell: Wereblood
   751 | D:1      | Reached XP level 3. HP: 27/28 MP: 6/6
  1498 | D:2      | Reached XP level 4. HP: 33/35 MP: 7/7
  1549 | D:2      | Found a shimmering blue altar of Sif Muna.
  1859 | D:2      | Found a glowing silver altar of Zin.
  2462 | D:3      | Noticed Robin
  2464 | D:3      | Reached XP level 5. HP: 36/40 MP: 6/8
  2483 | D:3      | Killed Robin
  2569 | D:3      | Noticed Natasha
  2577 | D:3      | Killed Natasha
  2744 | D:3      | Reached skill level 5 in Unarmed Combat
  3114 | D:3      | Noticed Natasha
  3117 | D:3      | Killed Natasha
  3306 | D:3      | Noticed Natasha
  3316 | D:3      | Killed Natasha
  3317 | D:3      | Reached XP level 6. HP: 44/47 MP: 9/9
  3476 | D:4      | Found a shadowy altar of Dithmenos.
  3533 | D:4      | Reached skill level 5 in Transmutations
  3723 | D:4      | Got a brightly glowing copper ring
  3910 | D:4      | Found a staircase to the Ecumenical Temple.
  4174 | D:4      | Found a glowing golden altar of the Shining One.
  4340 | D:4      | Found a hazy altar of Hepliaklqana.
  4669 | Temple   | Entered the Ecumenical Temple
  4765 | D:5      | Entered Level 5 of the Dungeon
  4767 | D:5      | Noticed a sky beast
  4772 | D:5      | Your scales start taking on a lurid green colour.
  4772 | D:5      | Reached XP level 7. HP: 52/52 MP: 8/10
  4772 | D:5      | Gained mutation: Your system is resistant to poisons.
                  | (rPois) [Green Draconian growth]
  5069 | D:5      | Found a transporter.
  5074 | D:5      | Noticed felt's ghost (amateur MiMo)
  5079 | D:5      | Found a transporter.
  5304 | D:5      | Identified the ring "Mepyu" {Will+ Dex-5 SInv Stlth+} (You
                  | found it on level 4 of the Dungeon)
  5453 | D:5      | Noticed Menkaure
  5454 | D:5      | Noticed Duvessa
  5455 | D:5      | Noticed Dowan
  6227 | D:5      | Identified the +2 leather armour of Existentialism {rPois
                  | rC- Dex+5}
  6423 | D:5      | Found an opulent altar of Gozag.
  6635 | D:5      | Noticed Grinder
  6656 | D:5      | Paralysed by Grinder for 4 turns
  6671 | D:5      | Killed Grinder
  6672 | D:5      | Reached skill level 1 in Evocations
  6672 | D:5      | Reached XP level 8. HP: 16/59 MP: 11/11
  7194 | D:5      | Killed Menkaure
  7357 | D:5      | Killed Duvessa
  7365 | D:5      | Killed Dowan
  8908 | D:6      | Reached XP level 9. HP: 53/64 MP: 12/12
 10375 | D:7      | Noticed Prince Ribbit
 10389 | D:7      | Killed Prince Ribbit
 11104 | D:7      | Found a runed translucent door.
 11105 | D:7      | Noticed Crazy Yiuf
 11112 | D:7      | Killed Crazy Yiuf
 11202 | D:7      | Found a shimmering altar of Xom.
 11508 | D:7      | HP: 5/64 [wyvern (18)]
 11509 | D:7      | Slain by a wyvern

Illustrated notes

Levels and vault maps discovered:
D:1:      sevenhm_arrival_forest_fort_large_2, layout_basic
D:2:      layout_loops_cross, led_sif_pool, zin_scriptorium
D:3:      layout_loops_ring, uniq_natasha, uniq_robin
D:4:      layout_basic, tso_oasis_becter, nicolae_dithmenos_shadow_blocks,
          lemuel_round_altar, minmay_temple_entry_slanted
D:5:      layout_layer_cave, nicolae_overflow_hidden_temple,
          gammafunk_ghost_arena, minivault_26, chequers_serial_rivers_large_a,
          hangedman_decor_clover_reticule, minmay_liquid_box, hex_medium,
          nrook_mini_vaults, palyth_stone_intersect, supply_closet_lemuel,
          grunt_ministairs_9, uniq_duvessa, uniq_menkaure, uniq_grinder
D:6:      layout_gridville, gup_sewer_entry_bubbles
D:7:      layout_rooms, kennysheep_mini, eino_jars, uniq_crazy_yiuf_cottage,
          uniq_prince_ribbit1
D:8:      layout_cave_pools, vehumet_crystals, nzn_wu_jian_council_hall,
          dancing_weapons_uskayaw, fedhas_altar_decomposition,
          minmay_lair_entry_grove, grunt_ministairs_6, minivault_4, uniq_maggie
Temple:   eino_wide_crystal_templ

Skill      XL: |  1  2  3  4  5  6  7  8  9 |
---------------+----------------------------+-----
Transmutations | 3 4 5 7 8 9 |  9.4
Unarmed Combat | 4 5 6 7 8 9 |  9.7
Evocations     | 1 3 4 |  4.5
Fighting       | |  1.1
Dodging        | |  1.7
Spellcasting   | |  2.0

Action                   |  1- 3 |  4- 6 |  7- 9 || total
-------------------------+-------+-------+-------++-------
Melee: Unarmed           |   131 |   249 |   483 ||   863
       Kick              |    18 |    32 |    45 ||    95
       Tailslap          |    13 |    20 |    29 ||    62
       Headbutt          |    10 |    26 |    25 ||    61
       Punch             |       |     2 |     7 ||     9
 Cast: Beastly Appendage |    15 |    24 |    35 ||    74
       Wereblood         |       |     4 |     4 ||     8
 Abil: Breathe Noxious F |       |       |    23 ||    23
Evoke: Wand              |       |       |     7 ||     7
 Stab: Sleeping          |     1 |     1 |       ||     2
       Confused          |       |       |    13 ||    13
Armor: Skin              |    44 |    76 |   141 ||   261
Dodge: Dodged            |    92 |   153 |   285 ||   530
